 Dungeon Crawl Stone Soup version 0.21.1-1-g345015fe64 (webtiles) character file.

212 GotenAND the Chopper (level 5, 0/49 HPs)
             Began as a Deep Dwarf Fighter on July 6, 2018.
             Succumbed to an orc wizard's poison
             ... on level 3 of the Dungeon.
             The game lasted 00:03:41 (1234 turns).

GotenAND the Chopper (Deep Dwarf Fighter)           Turns: 1234, Time: 00:03:42

Health: 0/49       AC:  7    Str: 21    XL:     5   Next: 58%
Magic:  5/5        EV:  7    Int:  8    God:
Gold:   69         SH:  0    Dex: 12    Spells: 6/6 levels left

rFire    . . .     SeeInvis .   a - +0 war axe
rCold    . . .     Gourm    .   c - +0 shield
rNeg     . . .     Faith    .   b - +0 scale mail
rPois    .         Spirit   .   (no helmet)
rElec    .         Reflect  .   (no cloak)
rCorr    .         Harm     .   (no gloves)
MR       .....                  (no boots)
Stlth    ..........             (no amulet)
HPRegen  0.00/turn              (no ring)
MPRegen  0.09/turn              (no ring)

@: confused, lethally poisoned (0 -> -18), non-regenerating
A: damage resistance, heal wounds, sense surroundings 1, no regeneration
a: Heal Wounds


You were on level 3 of the Dungeon.
You were not hungry.

You visited 1 branch of the dungeon, and saw 3 of its levels.

You collected 69 gold pieces.

Inventory:

Hand Weapons
 a - a +0 war axe (weapon)
Armour
 b - a +0 scale mail (worn)
 c - a +0 shield (worn)
Scrolls
 e - a scroll of enchant weapon {unknown}
 g - 5 scrolls of identify {unknown}
 i - 4 scrolls of teleportation {unknown}
 j - 4 scrolls of amnesia {unknown}
 o - a scroll of remove curse {unknown}
Potions
 d - 2 potions of might
 h - a potion of haste {unknown}
 k - a potion of curing {unknown}
 l - a potion of lignification {unknown}
 m - 2 potions of agility {unknown}
 p - a potion of brilliance {unknown}
Comestibles
 f - 3 rations
 n - 2 chunks of flesh


   Skills:
 * Level 3.4 Fighting
 * Level 4.8 Axes
 + Level 3.7 Armour
 + Level 3.8 Shields
 * Level 1.2 Spellcasting


You had 6 spell levels left.
You didn't know any spells.

Dungeon Overview and Level Annotations

Branches:
Dungeon (3/15)

Altars:
Cheibriados
Nemelex Xobeh


Innate Abilities, Weirdness & Mutations

You are resistant to damage.
You can heal yourself by infusing magical energy.
You passively map a small area around you.
You do not regenerate.


Message History

Okay, then.
You feel sick.
The orc wizard hits you but does no damage.
You are more poisoned.
* * * LOW HITPOINT WARNING * * *
You feel sick.
The orc wizard hits you but does no damage.
You are lethally poisoned!
Some of the chunks of flesh in your inventory have rotted away.
You're too confused!
Firing (i - inventory): No suitable missiles.
Press: ? - help, Shift-Dir - straight line, f/p - orc wizard
Aim: an orc wizard, wielding a dagger of venom and wearing a robe (almost dead)
Okay, then.
Unknown command.
* * * LOW HITPOINT WARNING * * *
You feel very sick.
The orc wizard hits you with a dagger of venom.
You are more poisoned.
You die...

* , , .# , , .## * ,,
,...... ..., ..#*, , * ,
..... .., .. , ,8 ....#
,.o. .# #*#. * *..,
....# #.##.#.#... ###.
..#..###.#)o#...#
.#..,*#.##.....#@...##..
, , ...8
##....#...).......# *
,#.. #.<......#...#.####
*##.##.####.....### .# ,
, .#.....# #.#....# * #
...8.#### #....#....$..
,
..[...).###...#####..#.
................... ...
........##.#.###### .. ,


You could see an orc wizard.

Vanquished Creatures
  A necrophage (D:2)
  Jessica (D:2)
  Terence (D:3)
  An adder (D:2)
  2 worms (D:2)
  2 dart slugs
  A leopard gecko (D:1)
  4 orcs
  7 bats
  A giant cockroach (D:1)
  7 goblins
  6 hobgoblins
  2 ball pythons
  4 frilled lizards
  5 kobolds
  5 rats
50 creatures vanquished.

Notes
Turn   | Place    | Note
-------+----------+-------------------------------------------
     0 | D:1      | GotenAND the Deep Dwarf Fighter began the quest for the Orb.
     0 | D:1      | Reached XP level 1. HP: 20/20 MP: 1/1
   251 | D:1      | Reached XP level 2. HP: 27/27 MP: 2/2
   710 | D:2      | Reached XP level 3. HP: 24/34 MP: 3/3
   721 | D:2      | Reached skill level 3 in Axes
   900 | D:2      | Found a snail-covered altar of Cheibriados.
  1034 | D:2      | Noticed a necrophage
  1043 | D:2      | Killed a necrophage
  1043 | D:2      | Reached skill level 4 in Axes
  1043 | D:2      | Reached skill level 1 in Spellcasting
  1043 | D:2      | Reached XP level 4. HP: 28/41 MP: 5/5
  1043 | D:2      | Reached XP level 5. HP: 33/48 MP: 6/6
  1128 | D:2      | Found a sparkling altar of Nemelex Xobeh.
  1128 | D:2      | Noticed Jessica
  1133 | D:2      | Killed Jessica
  1180 | D:3      | Noticed Terence
  1187 | D:3      | Killed Terence
  1234 | D:3      | Succumbed to an orc wizard's poison

Skill      XL: |  1  2  3 |
---------------+----------+-----
Fighting       | 3 |  3.4
Axes           | 4 |  4.8
Spellcasting   | 1 |  1.2
Armour         | |  3.7
Shields        | |  3.8

Action                   |  1- 3 |  4- 6 || total
-------------------------+-------+-------++-------
Melee: War axe           |   109 |    41 ||   150
 Abil: Heal Wounds       |     1 |     1 ||     2
  Eat: Chunk             |     1 |       ||     1
Armor: Scale mail        |    47 |    22 ||    69
Dodge: Dodged            |    40 |     8 ||    48
Block: Shield            |    61 |    14 ||    75
